 Dungeon Crawl Stone Soup version 0.23.2-40-g277498a001 (webtiles) character file.

Game seed: 3522661328723333422

963 DildoBatman the Conjurer (level 8, -12/52 HPs)
             Began as a Formicid Wizard on Sept 15, 2019.
             Was an Initiate of Kikubaaqudgha.
             Mangled by an orc warrior
             ... wielding a +0 scimitar
              (23 damage)
             ... on level 7 of the Dungeon.
             The game lasted 00:21:17 (7006 turns).

DildoBatman the Conjurer (Formicid Wizard)          Turns: 7006, Time: 00:21:18

Health: -12/52     AC:  4    Str: 12    XL:     8   Next: 37%
Magic:  2/12       EV: 12    Int: 20    God:    Kikubaaqudgha [......]
Gold:   307        SH:  0    Dex:  9    Spells: 6/13 levels left

rFire    . . .     SeeInvis +   a - +0 quarterstaff
rCold    . . .     Gourm    .   (no shield)
rNeg     . . .     Faith    .   E - +0 robe
rPois    .         Spirit   .   (helmet unavailable)
rElec    .         Reflect  .   (no cloak)
rCorr    .         Harm     .   A - +0 pair of gloves (curse)
MR       .....                  f - +0 pair of boots
Stlth    ++........             (no amulet)
HPRegen  0.17/turn              (no ring)
MPRegen  0.13/turn              g - ring of teleportation (curse)

@: very slightly contaminated
A: permanent stasis, dig shafts and tunnels, four strong arms, antennae 3
a: Dig, Shaft Self, Renounce Religion


You were on level 7 of the Dungeon.
You worshipped Kikubaaqudgha.
Kikubaaqudgha was noncommittal.
You were very hungry.

You visited 2 branches of the dungeon, and saw 8 of its levels.
You also visited: Sewer.

You collected 307 gold pieces.

Inventory:

Hand Weapons
 a - a +0 quarterstaff (weapon)
 b - a +0 trident
 c - a +0 shortbow
 z - a +0 whip of pain
 F - a +0 blowgun
Missiles
 e - 99 stones (quivered)
 i - 63 poisoned needles
 j - 5 tomahawks
 l - 68 arrows
 o - 17 bolts
 s - 8 javelins of returning
 G - 6 steel tomahawks
Armour
 f - a +0 pair of boots (worn)
 A - a cursed +0 pair of gloves (worn)
 B - a +2 ring mail of fire resistance
 E - a +0 robe (worn)
Jewellery
 g - a cursed ring of teleportation (right hand)
 h - an uncursed ring of magical power
 D - an uncursed ring of ice
Wands
 C - a wand of random effects (14)
Scrolls
 k - a scroll of random uselessness {unknown}
 q - 2 scrolls of fog
 t - a scroll of enchant weapon
 x - 4 scrolls of remove curse
Potions
 d - a potion of magic {unknown}
 m - a potion of mutation {unknown}
 n - a potion of agility {unknown}
 p - a potion of brilliance {unknown}
 r - 2 potions of curing
 u - 5 potions of flight {unknown}
 w - 4 potions of heal wounds {unknown}
Comestibles
 v - 9 rations


   Skills:
 - Level 1.0 Polearms
 - Level 1.7 Dodging
 - Level 2.4 Stealth
 - Level 3.2 Spellcasting
 - Level 6.1 Conjurations
   Level 1.0 Summonings
   Level 0.8 Translocations
 * Level 3.1 Fire Magic
 * Level 2.5 Air Magic
 * Level 4.2 Poison Magic


You had 6 spell levels left.
You knew the following spells:

 Your Spells              Type           Power        Failure   Level  Hunger
a - Conjure Flame         Conj/Fire      ###.....     6%          3    ###....
c - Magic Dart            Conj           ####         1%          1    None
e - Mephitic Cloud        Conj/Pois/Air  ###.....     7%          3    ###....

Your spell library contained the following spells:

 Spells                   Type           Power        Failure   Level  Hunger
 Dazzling Spray           Conj/Hex       ###...       12%         3    ###....
 Corona                   Hex            #......      14%         1    None
 Call Imp                 Summ           #.......     14%         2    ##.....
 Ensorcelled Hibernation  Hex/Ice        #.....       22%         2    ##.....
 Slow                     Hex            #.......     22%         2    ##.....
 Confuse                  Hex            #.......     38%         3    ###....
 Tukima's Dance           Hex            #.......     38%         3    ###....
 Blink                    Tloc           Unusable     N/A         2    N/A

Dungeon Overview and Level Annotations

Branches:
Dungeon (7/15)             Temple (1/1) D:7

Altars:
Ashenzari
Cheibriados
Dithmenos
Elyvilon
Gozag
Hepliaklqana
Kikubaaqudgha
Makhleb
Nemelex Xobeh
Okawaru
Qazlal
Ru
Sif Muna
Trog
Uskayaw
Wu Jian
Xom
Yredelemnul
Zin
The Shining One
Beogh

Annotations:
D:1 exclusion: 9 sensed monsters (detected)
D:2 exclusion: quokka
D:3 3 runed translucent doors, exclusions: crimson imp and phantom, raetorn's ghost, weakling DrTm
D:4 exclusions: cacodemon, ogre, orange demon, ynoxinul and 1 more exclusion
D:5 exclusions: orc, orc wizard, zombie and 1 more exclusion
D:6 Edmund


Innate Abilities, Weirdness & Mutations

You cannot be hasted, slowed, berserked, paralysed or teleported.
You can dig through walls and to a lower floor.
Your four strong arms can wield two-handed weapons with a shield.
You have a pair of large antennae on your head. (SInv)


Message History

The orc warrior hits you with a +0 scimitar!
Casting: Magic Dart (safe; 1% risk of failure)
Confirm with . or Enter, or press ? or * to list all spells.
Aiming: Mephitic Cloud (safe; 7% risk of failure)
Press: ? - help, Shift-Dir - straight line, f - orc warrior
Aim: an orc warrior, wielding a +0 scimitar and wearing a +0 chain mail That beam is likely to hit you.
Continue anyway?
You miscast Mephitic Cloud.
You are very lightly contaminated with residual magic.
You feel odd.
You extend your mandibles.
You dig through the rock wall.
You dig through the rock wall.
The orc warrior hits you with a +0 scimitar!
You dig through the rock wall.
You retract your mandibles.
You feel better.
The orc warrior hits you with a +0 scimitar!!
You die...
Kikubaaqudgha rasps: "You have failed me!
Welcome... death!"

*** #.,** *,,,,,, ,,********##..*
*,,,,,, ,,,,,,,,,,,...* *,,,,,,
************#.#############.,,,,,
*#..............,,,,,
#.....o.?......,,,,,
*######..####.######******
***.........####.#
***,,........@o##.##
**,,,,...........o.#
*,,,,,.....$...).### *
**,,...........### *
*,,..........## ** **,........#.#
,* *,,....####.# .##
**,.#...###.# ..# *##..#..##.#
***


You could see an orc warrior and an orc priest.

Vanquished Creatures
  A sky beast (D:6)
  A centaur (D:4)
  A big kobold (Sewer)
  A bullfrog (D:6)
  A wyvern skeleton (D:6)
  A howler monkey (D:5)
  2 crimson imps (D:5)
  3 orc wizards
  A bullfrog skeleton (D:5)
  3 worker ants
  2 hound zombies
  2 hound skeletons (D:5)
  2 worker ant zombies
  9 adders
  4 river rats (Sewer)
  2 shadow imps
  An ooze (D:5)
  An adder skeleton (D:4)
  5 dart slugs
  2 leopard geckos (D:3)
  13 orcs
  5 giant cockroaches
  5 goblins
  A hobgoblin (D:2)
  6 jackals
  4 quokkas
  4 ball pythons
  8 bats
  5 frilled lizards
  A jackal zombie (D:5)
  21 kobolds
  A leopard gecko zombie (D:6)
  A quokka skeleton (D:5)
  29 rats
149 creatures vanquished.

Vanquished Creatures (others)
  A quokka (D:3)
1 creature vanquished.

Grand Total: 150 creatures vanquished

Notes
Turn   | Place    | Note
-------+----------+-------------------------------------------
     0 | D:1      | DildoBatman the Formicid Wizard began the quest for the
                  | Orb.
     0 | D:1      | Reached XP level 1. HP: 13/13 MP: 4/4
    43 | D:1      | Reached skill level 1 in Conjurations
   270 | D:1      | Reached XP level 2. HP: 5/19 MP: 0/6
   592 | D:1      | Reached skill level 2 in Conjurations
  1119 | D:1      | Reached XP level 3. HP: 24/24 MP: 7/7
  1124 | D:1      | Learned a level 3 spell: Conjure Flame
  1128 | D:1      | Learned a level 3 spell: Mephitic Cloud
  1248 | D:2      | Found a white marble altar of Elyvilon.
  1543 | D:2      | Found a shattered altar of Ashenzari.
  1586 | D:2      | Found a deep blue altar of Sif Muna.
  1705 | D:3      | Reached skill level 3 in Conjurations
  1737 | D:3      | Found a runed translucent gate.
  1738 | D:3      | Found a runed translucent gate.
  1738 | D:3      | Noticed raetorn's ghost (weakling DrTm)
  1739 | D:3      | Found a runed translucent gate.
  1740 | D:3      | Found a roughly hewn altar of Beogh.
  1799 | D:3      | Reached XP level 4. HP: 18/30 MP: 2/8
  2063 | D:3      | Found a glowing drain.
  2105 | Sewer    | Entered a sewer
  2268 | Sewer    | Reached skill level 4 in Conjurations
  2268 | Sewer    | Reached XP level 5. HP: 33/35 MP: 9/9
  3022 | Sewer    | Noticed a big kobold
  3036 | Sewer    | Killed a big kobold
  3036 | Sewer    | Reached skill level 5 in Conjurations
  3036 | Sewer    | Reached XP level 6. HP: 39/41 MP: 10/10
  3560 | D:3      | Found a stormy altar of Qazlal.
  4091 | D:4      | Found a burning altar of Makhleb.
  4091 | D:4      | Noticed a cacodemon
  4094 | D:4      | Noticed an orange demon
  4094 | D:4      | Noticed a ynoxinul
  4205 | D:4      | Found a snail-covered altar of Cheibriados.
  4217 | D:4      | Noticed an ogre
  4296 | D:4      | Reached skill level 6 in Conjurations
  4296 | D:4      | Reached XP level 7. HP: 12/46 MP: 11/11
  4905 | D:5      | Entered Level 5 of the Dungeon
  5024 | D:5      | Reached skill level 1 in Poison Magic
  5047 | D:5      | Found a sparkling altar of Nemelex Xobeh.
  5080 | D:5      | Reached skill level 1 in Fire Magic
  5173 | D:5      | Found a bloodstained altar of Trog.
  5194 | D:5      | Reached skill level 1 in Air Magic
  5519 | D:5      | Found a burning altar of Makhleb.
  5600 | D:5      | Found a basalt altar of Yredelemnul.
  5739 | D:5      | Found a glowing golden altar of the Shining One.
  5739 | D:5      | Found an iron altar of Okawaru.
  5740 | D:5      | Found a basalt altar of Yredelemnul.
  5806 | D:6      | Noticed Edmund
  5823 | D:6      | Reached skill level 1 in Polearms
  6069 | D:5      | Reached XP level 8. HP: 41/52 MP: 11/12
  6771 | D:6      | Found a hazy altar of Hepliaklqana.
  6815 | D:7      | Found a staircase to the Ecumenical Temple.
  6822 | Temple   | Entered the Ecumenical Temple
  6940 | Temple   | Became a worshipper of Kikubaaqudgha
  7000 | D:7      | HP: 1/52 [orc warrior/+0 scimitar (14)]
  7006 | D:7      | Mangled by an orc warrior

Skill      XL: |  1  2  3  4  5  6  7  8 |
---------------+-------------------------+-----
Conjurations   | 1 2 3 4 5 6 |  6.1
Poison Magic   | 3 4 |  4.2
Fire Magic     | 2 3 |  3.1
Air Magic      | 1 2 |  2.5
Polearms       | 1 |  1.0
Dodging        | |  1.7
Stealth        | |  2.4
Spellcasting   | |  3.2
Summonings     | |  1.0
Translocations | |  0.8

Action                   |  1- 3 |  4- 6 |  7- 9 || total
-------------------------+-------+-------+-------++-------
Melee: Short sword       |    11 |     9 |       ||    20
       Falchion          |       |     1 |    17 ||    18
       Trident           |       |       |    16 ||    16
       Whip              |       |       |     7 ||     7
       Quarterstaff      |       |       |    10 ||    10
 Cast: Magic Dart        |    88 |   183 |   125 ||   396
       Conjure Flame     |       |       |     9 ||     9
       Mephitic Cloud    |       |       |     9 ||     9
 Abil: Dig               |     4 |     5 |    12 ||    21
  Use: Scroll            |       |     3 |     3 ||     6
       Potion            |       |       |     5 ||     5
 Stab: Sleeping          |       |       |     1 ||     1
       Confused          |       |       |     1 ||     1
  Eat: Chunk             |     3 |     7 |    11 ||    21
Armor: Robe              |    10 |    14 |    14 ||    38
Dodge: Dodged            |    22 |    57 |    72 ||   151
       Rpst.: Falchion   |       |     3 |     2 ||     5
